 Dungeon Crawl Stone Soup version 0.22.0-13-g43fe8f2 (webtiles) character file.

135566 Kniotic the Devastator (level 16, -1/108 HPs)
             Began as a Demonspawn Conjurer on Aug 15, 2018.
             Was the Champion of Dithmenos.
             Shot with a sling bullet by a faun (14 damage)
             ... on level 2 of the Shoals on Aug 16, 2018.
             The game lasted 04:17:06 (44425 turns).

Kniotic the Devastator (Demonspawn Conjurer)       Turns: 44425, Time: 04:17:07

Health: -1/108     AC:  7    Str: 10    XL:     16   Next: 64%
Magic:  27/50      EV: 10    Int: 21    God:    Dithmenos [******]
Gold:   968        SH:  0    Dex: 15    Spells: 6/39 levels left

rFire    . . .     SeeInvis +   M - +3 whip of Terror {elec, MP+9}
rCold    + . .     Gourm    .   (no shield)
rNeg     . . .     Faith    .   o - +1 robe {MR+}
rPois    .         Spirit   .   (helmet unavailable)
rElec    .         Reflect  .   k - scarf {repulsion}
rCorr    .         Harm     .   F - +2 pair of gloves
MR       ++...                  a - +0 pair of boots
Stlth    +++.......             p - amulet of regeneration
HPRegen  0.68/turn              V - ring of magical power
MPRegen  0.32/turn              C - ring of wizardry

@: barbed spikes, held, wreathed by umbra, repel missiles
A: antennae 3, large bone plates 2, cold resistance 1, frail 1, powered by death
1, freezing cloud immunity
a: Shadow Step, Shadow Form, Renounce Religion


You were on level 2 of the Shoals.
You worshipped Dithmenos.
Dithmenos was exalted by your worship.
You were not hungry.

You visited 5 branches of the dungeon, and saw 26 of its levels.
You visited the Abyss 2 times.
You also visited: Ice Cave.

You collected 2766 gold pieces.
You spent 1798 gold pieces at shops.

Inventory:

Hand Weapons
 l - the +4 falchion of Yrchum {pain, Str+4 Dex-2 Stlth+}
   (You found it on level 6 of the Lair of Beasts)

   In the hands of one skilled in necromantic magic, it inflicts extra damage on
   living creatures.
   It affects your strength (+4).
   It affects your dexterity (-2).
   It makes you more stealthy.
 M - the +3 whip of Terror (weapon) {elec, MP+9}
   (You found it on level 1 of the Lair of Beasts)

   Occasionally, upon striking a foe, it will discharge some electrical energy
   and cause terrible harm.
   It affects your magic capacity (+9).
Armour
 a - a +0 pair of boots (worn)
 k - a scarf of repulsion (worn)
 o - a +1 robe of magic resistance (worn)
 t - the cursed +1 ring mail of Anliomai {*Drain Str+4 Int+2}
   (You bought it in a shop on level 2 of the Orcish Mines)

   It affects your strength (+4).
   It affects your intelligence (+2).
   It causes draining when unequipped.
   It has a curse placed upon it.
 v - +0 steam dragon scales
 F - a +2 pair of gloves (worn)
 H - a scarf of resistance
Magical Staves
 I - an uncursed staff of poison
Jewellery
 d - an uncursed ring of stealth
 f - an uncursed ring of resist corrosion
 h - an uncursed ring of flight
 j - an uncursed ring of wizardry
 p - an amulet of regeneration (around neck)
 q - the ring "Wawkacit" {*Drain rPois rC+ Str+7 Stlth+}
   (You took it off Azrael on level 12 of the Dungeon)

   [ring of stealth]

   It affects your strength (+7).
   It protects you from cold.
   It protects you from poison.
   It causes draining when unequipped.
   It makes you more stealthy.
 C - a ring of wizardry (right hand)
 Q - an uncursed ring of ice
 S - an uncursed ring of protection from cold
 V - a ring of magical power (left hand)
Wands
 O - a wand of disintegration (29)
 W - a wand of clouds (3)
 X - a wand of digging (13)
Scrolls
 b - 4 scrolls of enchant weapon
 e - 4 scrolls of identify
 i - 4 scrolls of teleportation
 n - 8 scrolls of amnesia
 r - 2 scrolls of enchant armour
 x - 11 scrolls of remove curse
 y - 3 scrolls of fog
 A - 2 scrolls of magic mapping
 J - a scroll of blinking
 K - a scroll of fear
 U - a scroll of silence
Potions
 m - 2 potions of resistance
 u - 5 potions of brilliance
 w - a potion of berserk rage
 z - 5 potions of curing
 D - a potion of haste
 E - 5 potions of agility
 G - 5 potions of flight
 N - a potion of magic
 P - a potion of might
 Y - 3 potions of lignification
Miscellaneous
 s - a box of beasts
Comestibles
 c - 16 rations


   Skills:
 - Level 9.6 Fighting
 - Level 9.6 Dodging
 - Level 1.7 Stealth
 - Level 12.4 Spellcasting
 * Level 18.6 Conjurations
 - Level 13.5 Hexes
 + Level 1.3 Earth Magic
 + Level 1.5 Evocations


You had 6 spell levels left.
You knew the following spells:

 Your Spells              Type           Power        Failure   Level  Hunger
a - Magic Dart            Conj           ####         0%          1    None
b - Iskenderun's Mystic   Conj           ######..     0%          4    None
c - Fulminant Prism       Conj/Hex       ######....   1%          4    None
d - Force Lance           Conj/Tloc      ######..     1%          4    None
e - Blink                 Tloc           N/A          3%          2    None
f - Invisibility          Hex            ######..     1%          6    #####..
g - Gell's Gravitas       Tloc           ##........   6%          3    None
h - Mephitic Cloud        Conj/Pois/Air  #####...     1%          3    None
i - Iron Shot             Conj/Erth      ######....   5%          6    #####..

Your spell library contained the following spells:

 Spells                   Type           Power        Failure   Level  Hunger
 Conjure Flame            Conj/Fire      ######..     1%          3    None
 Slow                     Hex            ######..     1%          2    None
 Confuse                  Hex            ######..     1%          3    None
 Summon Small Mammal      Summ           ##..         1%          1    None
 Summon Ice Beast         Ice/Summ       ##......     21%         4    None
 Call Imp                 Summ           ##......     3%          2    None
 Stone Arrow              Conj/Erth      ######       1%          3    None
 Swiftness                Chrm/Air       ##......     3%          2    None
 Statue Form              Tmut/Erth      ###......    90%         6    #####..
 Dragon Form              Tmut           ##........   100%        7    #######
 Confusing Touch          Hex            ######       0%          1    None
 Passwall                 Tmut/Erth      ###.....     2%          2    None
 Call Canine Familiar     Summ           ##......     6%          3    None
 Metabolic Englaciation   Hex/Ice        #####.....   3%          5    ####...
 Lee's Rapid Deconstruct  Erth           ###.......   32%         5    ####...
 Petrify                  Tmut/Erth      ###.....     16%         4    None
 Passage of Golubria      Tloc           N/A          21%         4    None
 Darkness                 Hex            ######....   1%          6    #####..
 Dazzling Spray           Conj/Hex       ######       0%          3    None
 Spectral Weapon          Hex/Chrm       #####...     1%          3    None
 Searing Ray              Conj           ######       0%          2    None
 Summon Lightning Spire   Summ/Air       ##......     21%         4    None
 Summon Guardian Golem    Hex/Summ       #####...     1%          3    None
 Hydra Form               Tmut           ##........   95%         6    #####..
 Irradiate                Conj/Tmut      ######....   1%          5    ####...
 Yara's Violent Unravell  Hex/Tmut       #####.....   3%          5    ####...


Dungeon Overview and Level Annotations

Branches:
Dungeon (15/15)            Temple (0/1) D:7            Lair (6/6) D:11
 Shoals (2/4) Lair:2        Snake (0/4) Lair:3        Slime (0/5) Lair:6
    Orc (2/2) D:11            Elf (1/3) Orc:2        Vaults (0/5) D:14
 Depths (0/5) D:15

Altars:
Ashenzari
Dithmenos
Fedhas
Gozag
Hepliaklqana
Kikubaaqudgha
Makhleb
Nemelex Xobeh
Qazlal
Ru
Uskayaw
Xom
Zin
The Shining One
Beogh
Jiyva

Shops:
D:9 [   D:14 :   Orc:1 :   Orc:2 =**[(

Annotations:
D:3 1 runed door, Defined's ghost, amateur DrFE
D:4 3 transporters
D:10 3 runed doors, Azzok's ghost, novice DDEE
Lair:6 1 runed door, Aviak's ghost, journeyman DrAM
Elf:1 3 runed doors, exclusion: deep elf knight, Zutoh's ghost, adept GrEE


Innate Abilities, Weirdness & Mutations

You have a pair of large antennae on your head. (SInv)
You are mostly covered in large bone plates. (SH +6)
Your flesh is cold resistant. (rC+)
You regenerate a little health from kills.
You are immune to freezing clouds.
You are frail. (-10% HP)


Message History

The merfolk javelineer hits you from afar with a vampiric spear!
* * * LOW HITPOINT WARNING * * *
The wind drake flaps its wings at you. The air twists around and strikes you!
* * * LOW HITPOINT WARNING * * *
The sea snake bites you but does no damage.
As you read the scroll of fear, it crumbles to dust.
You assume a fearsome visage.
The wind drake looks frightened!
The merfolk javelineer resists with some effort.
The manticore looks frightened!
The sea snake resists with some effort.
The merfolk looks frightened!
The faun looks frightened!
* * * LOW HITPOINT WARNING * * *
You feel very sick.
The merfolk javelineer barely misses you.
The sea snake barely misses you.
You feel better.
The merfolk javelineer hits you from afar with a vampiric spear!
* * * LOW HITPOINT WARNING * * *
The faun shoots a sling bullet.
The sling bullet hits you!
You die...

... ... ..
..PPP#PP≈≈ ..≈
... {.mPPP.≈≈≈
.≈≈
.$.###..P..≈≈≈≈
≈≈≈
........PPP{≈P≈
≈≈≈
.Y.....{.P≈≈≈P≈
X≈≈
....§Y§m§§)≈≈
.≈≈ .....P§§§§#
..≈ .$...§§@S#
...
..c.§c§P§.....≈
c..
.....§§mt§P≈≈.≈
...
.......≈.EP≈≈≈.
..#
...{.≈≈≈{≈>≈≈≈≈
##c
≈cc≈≈≈≈≈≈≈≈≈≈≈≈
.
≈≈≈≈≈≈≈≈≈≈.≈≈≈≈
≈#≈≈≈≈≈≈..≈≈≈≈≈


You could see a merfolk avatar, a merfolk javelineer, a sea snake, a snapping
turtle, a faun and a sky beast.

Vanquished Creatures
  An ancient lich (Abyss:2)
  Rupert (D:14)
  A tentacled starspawn (Abyss:2)
  Frances (D:14)
  3 orc warlords
  Louise (Shoals:1)
  A cacodemon (Abyss:2)
  A reaper (IceCv)
  Nessos (D:14)
  A deep elf demonologist (Elf:1)
  Azrael (D:12)
  A fire dragon (D:15)
  Erolcha (D:13)
  An ogre mage (D:15)
  2 merfolk impalers (Shoals:1)
  Harold (Orc:1)
  6 hydras
  Erica (D:8)
  A merfolk avatar (Shoals:1)
  2 rakshasas (D:15)
  4 centaur warriors
  2 death knights
  A dancing weapon (Elf:1)
  A catoblepas (Lair:6)
  2 tengu warriors
  A deep troll shaman (Lair:6)
  9 two-headed ogres
  16 death yaks
  3 orc high priests (Orc:2)
  A deep elf knight (Elf:1)
  A spatial maelstrom (Abyss:2)
  5 skeletal warriors
  3 deep elf archers (Elf:1)
  A lindwurm (Lair:6)
  5 sea snakes (Shoals:1)
  6 orc knights
  A phantasmal warrior (D:15)
  2 glowing orange brains
  2 wizards
  3 harpies (Shoals:1)
  7 deep elf magi (Elf:1)
  2 wolf spider zombies
  Pikel (D:8)
  3 oklob plants
  4 cyclopes
  16 ugly things
  2 slime creatures (D:15)
  A faun (Shoals:2)
  7 orc sorcerers
  2 manticores (D:14)
  A merfolk siren (Shoals:1)
  5 elephants (Lair:6)
  Joseph (D:10)
  5 black mambas
  Maurice (D:9)
  2 water nymphs (Shoals:1)
  Psyche (D:12)
  A guardian serpent (Abyss:2)
  2 ice statues (IceCv)
  A smoke demon (Abyss:2)
  3 gargoyles
  4 rime drakes
  A komodo dragon (shapeshifter) (D:13)
  9 komodo dragons
  5 spiny frogs
  3 kobold demonologists
  3 freezing wraiths
  10 trolls
  A wind drake (Shoals:1)
  7 ice devils (IceCv)
  6 merfolk
  A meliai (shapeshifter) (D:15)
  A polar bear (Lair:5)
  Prince Ribbit (D:5)
  2 tengu conjurers (D:15)
  8 blink frogs
  A snapping turtle (Shoals:1)
  A raiju (Abyss:2)
  2 meliai zombies
  A harpy skeleton (D:15)
  9 dream sheep
  4 hippogriffs
  A vampire (D:11)
  3 large abominations (Abyss:2)
  4 water elementals (Shoals:1)
  4 wraiths
  5 wyverns
  A ynoxinul (Abyss:2)
  27 yaks
  15 humans
  2 basilisks
  3 fire elementals (D:12)
  4 hogs (D:7)
  5 vampire mosquitoes
  2 hungry ghosts
  A human (shapeshifter) (D:15)
  2 steam dragons
  2 insubstantial wisps (D:7)
  An acid dragon (D:13)
  A warg (Orc:1)
  18 water moccasins
  6 porcupines
  2 hell hounds (D:12)
  4 ice beasts
  4 phantoms
  5 black bears
  51 orc warriors
  3 eyes of draining
  5 sky beasts
  14 ogres
  5 necrophages
  10 wolves
  15 crocodiles
  19 centaurs
  3 big kobolds
  Blork the orc (D:5)
  16 bullfrogs
  A water moccasin zombie (D:7)
  3 small abominations (Abyss:2)
  7 scorpions
  16 wights
  6 howler monkeys
  2 electric eels
  6 crimson imps
  A bullfrog zombie (D:10)
  6 hounds
  5 jellies
  27 orc priests
  35 orc wizards
  4 centaur skeletons
  An iron imp (Abyss:2)
  Jessica (D:3)
  An iguana (D:3)
  Ijyb (D:4)
  13 worker ants
  A hound skeleton (D:7)
  A worker ant zombie (D:11)
  6 gnolls
  A howler monkey zombie (D:8)
  12 adders
  3 shadow imps
  10 white imps
  6 ufetubi (IceCv)
  3 oozes
  An adder zombie (D:9)
  4 worms
  2 dart slugs
  5 leopard geckos
  135 orcs
  7 giant cockroaches
  6 goblins
  2 hobgoblins
  4 jackals (D:3)
  19 kobolds
  3 quokkas
  A ball python (D:3)
  3 bats
  9 frilled lizards
  A goblin skeleton (D:6)
  3 goblin zombies (D:6)
  3 hobgoblin zombies (D:6)
  A jackal skeleton (D:4)
  A kobold skeleton (D:6)
  A leopard gecko skeleton (D:8)
  An orc skeleton (D:6)
  7 rats
  A bush (Lair:6)
  15 fulminant prisms
  5 fungi
  10 plants
  A starspawn tentacle (Abyss:2)
940 creatures vanquished.

Vanquished Creatures (others)
  A deep elf death mage (Elf:1)
  2 oklob plants (Lair:4)
  A centaur skeleton (D:12)
  2 humans (D:14)
  4 slaves (D:8)
  A bullfrog (D:8)
  A shadow imp (D:14)
  8 ufetubi (IceCv)
  A bush (Lair:6)
  625 fulminant prisms
  21 fungi
  A lurking horror (Abyss:2)
  19 plants
  3 starspawn tentacles (Abyss:2)
  4 tentacles (Shoals:2)
694 creatures vanquished.

Grand Total: 1634 creatures vanquished

Notes
Turn   | Place    | Note
-------+----------+-------------------------------------------
     0 | D:1      | Kniotic the Demonspawn Conjurer began the quest for the Orb.
     0 | D:1      | Reached XP level 1. HP: 13/13 MP: 3/3
   372 | D:1      | Gained mutation: You are partially covered in large bone plates. (SH +4) [demonic ancestry]
   372 | D:1      | Reached XP level 2. HP: 19/19 MP: 1/5
   664 | D:1      | You fall through a shaft!
   877 | D:2      | Gained mutation: You have a pair of small antennae on your head. [demonic ancestry]
   877 | D:2      | Reached XP level 3. HP: 21/24 MP: 2/6
  1890 | D:2      | Reached skill level 5 in Conjurations
  2121 | D:3      | Noticed Jessica
  2150 | D:3      | HP: 1/24 [Jessica (1)]
  2164 | D:3      | Killed Jessica
  2164 | D:3      | Gained mutation: You have a pair of antennae on your head. [demonic ancestry]
  2164 | D:3      | Reached XP level 4. HP: 28/30 MP: 0/8
  3122 | D:3      | Found a runed door.
  3128 | D:3      | Noticed Defined's ghost (amateur DrFE)
  3135 | D:3      | Learned a level 4 spell: Iskenderun's Mystic Blast
  3386 | D:4      | Noticed Ijyb
  3730 | D:4      | Found a glowing silver altar of Zin.
  3750 | D:3      | Reached XP level 5. HP: 29/35 MP: 1/9
  4750 | D:3      | Reached skill level 6 in Conjurations
  4874 | D:3      | Learned a level 4 spell: Fulminant Prism
  4939 | D:3      | Gained mutation: You have a pair of large antennae on your head. (SInv) [demonic ancestry]
  4939 | D:3      | Reached XP level 6. HP: 41/41 MP: 0/11
  5395 | D:4      | Killed Ijyb
  5468 | D:4      | Reached skill level 7 in Conjurations
  5695 | D:4      | Found a transporter.
  5856 | D:4      | Found a transporter.
  5917 | D:4      | Found a hazy altar of Hepliaklqana.
  6000 | D:4      | Found a sparkling altar of Nemelex Xobeh.
  6000 | D:4      | Found a transporter.
  6274 | D:5      | Entered Level 5 of the Dungeon
  6279 | D:5      | Noticed Prince Ribbit
  6304 | D:5      | Noticed a water moccasin
  6312 | D:5      | Killed a water moccasin
  6312 | D:5      | Reached XP level 7. HP: 29/46 MP: 4/13
  6647 | D:5      | Reached skill level 8 in Conjurations
  7444 | D:5      | Killed Prince Ribbit
  7444 | D:5      | Reached skill level 1 in Fighting
  7444 | D:5      | Reached skill level 1 in Hexes
  7444 | D:5      | Gained mutation: Your flesh is cold resistant. (rC+) [demonic ancestry]
  7444 | D:5      | Reached XP level 8. HP: 54/54 MP: 15/15
  7483 | D:5      | Found a shadowy altar of Dithmenos.
  7510 | D:5      | Became a worshipper of Dithmenos the Shadowed
  7594 | D:6      | Reached skill level 9 in Conjurations
  7695 | D:6      | Noticed Blork the orc
  7848 | D:5      | Killed Blork the orc
  8186 | D:6      | Found a glowing golden altar of the Shining One.
  8441 | D:6      | Reached * piety under Dithmenos
  8676 | D:6      | Found a sacrificial altar of Ru.
  8758 | D:6      | Found a shimmering altar of Xom.
  8760 | D:6      | Found a blossoming altar of Fedhas.
  8760 | D:6      | Found a glowing golden altar of the Shining One.
  8762 | D:6      | Found an opulent altar of Gozag.
  8762 | D:6      | Found a glowing golden altar of the Shining One.
  8762 | D:6      | Found a blossoming altar of Fedhas.
  8814 | D:7      | Found a staircase to the Ecumenical Temple.
  9193 | D:7      | Found a hide-covered altar of Uskayaw.
  9193 | D:7      | Noticed a hand axe
  9193 | D:7      | Noticed a dagger
  9202 | D:7      | Reached XP level 9. HP: 60/64 MP: 10/16
  9375 | D:7      | Reached skill level 10 in Conjurations
 10293 | D:7      | Reached ** piety under Dithmenos
 10315 | D:7      | Reached skill level 5 in Hexes
 10392 | D:6      | Reached skill level 5 in Fighting
 10392 | D:6      | Reached skill level 11 in Conjurations
 10582 | D:7      | Found a stormy altar of Qazlal.
 10643 | D:7      | Found a burning altar of Makhleb.
 10754 | D:7      | Gained mutation: You regenerate a little health from kills. [demonic ancestry]
 10754 | D:7      | Reached XP level 10. HP: 74/74 MP: 1/17
 10975 | D:8      | Noticed Erica
 10984 | D:8      | Noticed Pikel
 11328 | D:8      | Noticed a two-headed ogre
 11581 | D:8      | Killed Pikel
 11933 | D:8      | Reached skill level 12 in Conjurations
 12736 | D:8      | Killed Erica
 12920 | D:9      | Reached *** piety under Dithmenos
 13020 | D:9      | Found an ancient bone altar of Kikubaaqudgha.
 13040 | D:9      | Found Tiredgh's Antique Armour Boutique.
 13055 | D:9      | Noticed a two-headed ogre
 13321 | D:9      | Noticed Maurice
 13331 | D:9      | Paralysed by Maurice for 5 turns
 13369 | D:9      | Found a shattered altar of Ashenzari.
 13710 | D:9      | Paralysed by Maurice for 7 turns
 14319 | D:9      | Killed Maurice
 14471 | D:10     | Entered Level 10 of the Dungeon
 14598 | D:10     | Reached XP level 11. HP: 82/84 MP: 6/18
 14861 | D:10     | Reached skill level 13 in Conjurations
 15024 | D:10     | Noticed Joseph
 15338 | D:10     | Killed Joseph
 15631 | D:10     | Found a runed gate.
 15633 | D:10     | Found a runed gate.
 15633 | D:10     | Found a runed gate.
 15633 | D:10     | Noticed Azzok's ghost (novice DDEE)
 15860 | D:10     | Reached **** piety under Dithmenos
 15966 | D:11     | Noticed a green ugly thing
 15977 | D:10     | Killed a green ugly thing
 16699 | D:11     | Found a staircase to the Orcish Mines.
 16701 | D:11     | Found a roughly hewn altar of Beogh.
 17153 | D:11     | Found a staircase to the Lair.
 17242 | Lair:1   | Entered Level 1 of the Lair of Beasts
 17286 | Lair:1   | Got a crystal whip
 17287 | Lair:1   | Identified the +3 whip of Terror {elec, MP+9} (You found it on level 1 of the Lair of Beasts)
 18091 | Lair:2   | Learned a level 4 spell: Force Lance
 18760 | Lair:2   | Found a staircase to the Shoals.
 19245 | Lair:3   | Reached skill level 14 in Conjurations
 20078 | Lair:3   | Found a staircase to the Snake Pit.
 20137 | Lair:3   | Noticed a four-headed hydra
 20145 | Lair:3   | Killed a four-headed hydra
 20145 | Lair:3   | Reached XP level 12. HP: 91/93 MP: 6/19
 21107 | Lair:4   | Noticed a death yak
 21311 | Lair:3   | Killed a death yak
 21761 | Lair:4   | Found a blossoming altar of Fedhas.
 22072 | Lair:4   | Reached skill level 15 in Conjurations
 22152 | Lair:4   | Found the +8 Wrath of Trog {antimagic, *Rage}
 23000 | Lair:4   | Learned a level 2 spell: Blink
 23032 | Lair:5   | Noticed a five-headed hydra
 23259 | Lair:4   | Reached skill level 10 in Hexes
 23529 | Lair:5   | Noticed a death yak
 23530 | Lair:5   | Noticed a death yak
 23531 | Lair:5   | Noticed a death yak
 24155 | Lair:5   | Killed a five-headed hydra
 24567 | Lair:5   | Killed a death yak
 24580 | Lair:5   | Killed a death yak
 24580 | Lair:5   | Gained mutation: You are immune to freezing clouds. [demonic ancestry]
 24580 | Lair:5   | Reached XP level 13. HP: 101/101 MP: 3/20
 24586 | Lair:5   | Reached skill level 5 in Dodging
 24761 | Lair:6   | Entered Level 6 of the Lair of Beasts
 24789 | Lair:6   | Found a staircase to the Slime Pits.
 24789 | Lair:6   | Found a viscous altar of Jiyva.
 24911 | Lair:6   | Reached ***** piety under Dithmenos
 26104 | Lair:6   | Found a runed door.
 26104 | Lair:6   | Noticed Aviak's ghost (journeyman DrAM)
 28389 | Lair:6   | Gained mutation: You are mostly covered in large bone plates. (SH +6) [demonic ancestry]
 28389 | Lair:6   | Reached XP level 14. HP: 108/108 MP: 7/21
 29043 | D:12     | Noticed Psyche
 29214 | D:12     | Noticed Azrael
 29505 | D:12     | Killed Psyche
 29947 | D:12     | Killed Azrael
 29960 | D:12     | Got a sparkling glass ring
 30021 | D:12     | Identified the ring "Wawkacit" {*Drain rPois rC+ Str+7 Stlth+} (You took it off Azrael on level 12 of the Dungeon)
 30410 | D:13     | Identified Raggeot's Handbook of Earthen Benedictions
 30599 | D:13     | Cast into level 2 of the Abyss (a wizard)
 30634 | D:13     | Escaped the Abyss
 30778 | D:13     | Found a frozen archway.
 30784 | IceCv    | Entered an ice cave
 31227 | IceCv    | Noticed a reaper
 31253 | IceCv    | Killed a reaper
 31253 | IceCv    | Reached skill level 16 in Conjurations
 31327 | IceCv    | Got an iridescent rapier
 31432 | IceCv    | Identified the +2 rapier of Eternal War {holy, rF- rC+++ Str+4} (You found it in an ice cave)
 31625 | D:13     | Reached skill level 5 in Spellcasting
 31749 | D:13     | Noticed Erolcha
 31757 | D:13     | Killed Erolcha
 32043 | D:14     | Found a gate to the Vaults.
 32043 | D:14     | Noticed Nessos
 32043 | D:14     | Noticed Rupert
 32122 | Orc:1    | Entered Level 1 of the Orcish Mines
 32122 | Orc:1    | Noticed Harold
 32129 | Orc:1    | Killed Harold
 32129 | Orc:1    | Reached ****** piety under Dithmenos
 32142 | Orc:1    | Found a roughly hewn altar of Beogh.
 32439 | Orc:1    | Found Neykax's Book Boutique.
 32459 | Orc:1    | Noticed an orc warlord
 32640 | Orc:1    | Paralysed by an orc sorcerer for 7 turns
 33232 | Orc:1    | Killed an orc warlord
 33470 | Orc:1    | Bought a book of Burglary for 1275 gold pieces
 33477 | Orc:1    | Learned a level 6 spell: Invisibility
 33487 | Orc:2    | Entered Level 2 of the Orcish Mines
 33487 | Orc:2    | Found Imynist's General Store.
 33519 | Orc:2    | Noticed an orc warlord
 34116 | Orc:2    | Reached XP level 15. HP: 77/114 MP: 25/25
 34962 | Orc:2    | Noticed an orc warlord
 34974 | Orc:2    | Killed an orc warlord
 35133 | Orc:2    | Found Muimaudu's General Store.
 35134 | Orc:2    | Found Nene's Jewellery Shoppe.
 35137 | Orc:2    | Found Apurof's Antique Armour Shoppe.
 35137 | Orc:2    | Found Vaqa's Antique Weapon Emporium.
 35279 | Orc:2    | Killed an orc warlord
 35279 | Orc:2    | Reached skill level 17 in Conjurations
 35434 | Orc:2    | Found a staircase to the Elven Halls.
 35801 | D:14     | Noticed Frances
 35803 | D:14     | Paralysed by Rupert for 5 turns
 35812 | D:14     | Killed Rupert
 37008 | D:14     | Killed Frances
 37169 | D:14     | Killed Nessos
 37884 | D:14     | Found Acuchys's Book Shop.
 38001 | D:15     | Entered Level 15 of the Dungeon
 38142 | D:15     | Learned a level 3 spell: Gell's Gravitas
 38572 | D:15     | Reached skill level 10 in Spellcasting
 39860 | D:15     | Reached XP level 16. HP: 121/121 MP: 30/30
 39953 | D:15     | Reached skill level 18 in Conjurations
 40414 | D:15     | Found a staircase to the Depths.
 40656 | Lair:6   | Got a shimmering falchion
 40657 | Lair:6   | Identified the +4 falchion of Yrchum {pain, Str+4 Dex-2 Stlth+} (You found it on level 6 of the Lair of Beasts)
 40862 | Orc:2    | Bought an ancient ring mail for 270 gold pieces
 40862 | Orc:2    | Bought a pair of glowing gloves for 225 gold pieces
 40862 | Orc:2    | Identified the cursed +1 ring mail of Anliomai {*Drain Str+4 Int+2} (You bought it in a shop on level 2 of the Orcish Mines)
 40937 | Orc:2    | Bought a scroll of identify for 28 gold pieces
 40941 | Orc:2    | Upgraded the game from 0.22.0-6-g71bd7aa to 0.22.0-13-g43fe8f2
 40948 | Elf:1    | Entered Level 1 of the Elven Halls
 41097 | Elf:1    | Found a runed gate.
 41097 | Elf:1    | Found a runed gate.
 41097 | Elf:1    | Found a runed gate.
 41098 | Elf:1    | Noticed Zutoh's ghost (adept GrEE)
 41305 | Orc:2    | Learned a level 3 spell: Mephitic Cloud
 41720 | Shoals:1 | Entered Level 1 of the Shoals
 41985 | Shoals:1 | Noticed Louise
 41993 | Shoals:1 | Cast into level 2 of the Abyss (Louise)
 42038 | Abyss:2  | Noticed an ancient lich
 42049 | Abyss:2  | Noticed an Executioner
 42050 | Abyss:2  | Killed an ancient lich
 42210 | Abyss:2  | Noticed a bone dragon
 42274 | Abyss:2  | Noticed a tentacled starspawn
 42762 | Abyss:2  | Gained mutation: You are frail. (-10% HP) [a cacodemon]
 42800 | Abyss:2  | Noticed a tentacled starspawn
 42805 | Abyss:2  | Killed a tentacled starspawn
 42836 | Shoals:1 | Escaped the Abyss
 43295 | Shoals:1 | Learned a level 6 spell: Iron Shot
 43634 | Shoals:1 | Killed Louise
 43924 | Shoals:1 | Reached skill level 1 in Earth Magic
 43924 | Shoals:1 | Reached skill level 1 in Evocations
 44388 | Shoals:2 | Noticed a kraken
 44425 | Shoals:2 | Shot with a sling bullet by a faun

Skill      XL: |  1  2  3  4  5  6  7  8  9 10 11 12 13 14 15 16 |
---------------+-------------------------------------------------+-----
Conjurations   | 5 6 7 8 9 11 12 14 15 16 17 18 | 18.6
Spellcasting   | 3 4 7 10 12 | 12.4
Fighting       | 1 3 5 7 8 9 |  9.6
Hexes          | 1 3 5 7 8 10 12 13 | 13.5
Dodging        | 4 8 9 |  9.6
Earth Magic    | 1 |  1.3
Evocations     | 1 |  1.5
Stealth        | |  1.7

Action                   |  1- 3 |  4- 6 |  7- 9 | 10-12 | 13-15 | 16-18 || total
-------------------------+-------+-------+-------+-------+-------+-------++-------
Melee: Unarmed           |    11 |     3 |       |       |       |       ||    14
       Dagger            |       |    44 |   146 |       |       |       ||   190
       Halberd           |       |       |    67 |    25 |       |       ||    92
       Glaive            |       |       |       |   189 |       |       ||   189
       Whip              |       |       |       |   123 |   512 |    23 ||   658
 Cast: Magic Dart        |    89 |   156 |   227 |   132 |   282 |   127 ||  1013
       Iskenderun's Myst |       |     8 |    16 |    75 |   160 |    87 ||   346
       Fulminant Prism   |       |       |    27 |   190 |   355 |    69 ||   641
       Force Lance       |       |       |       |    31 |    19 |       ||    50
       Blink             |       |       |       |     1 |       |     1 ||     2
       Invisibility      |       |       |       |       |     6 |     8 ||    14
       Gell's Gravitas   |       |       |       |       |     2 |     1 ||     3
       Mephitic Cloud    |       |       |       |       |       |     8 ||     8
       Iron Shot         |       |       |       |       |       |     1 ||     1
Evoke: Wand              |       |       |     6 |    12 |     4 |       ||    22
  Use: Potion            |     1 |     5 |       |     1 |     2 |    12 ||    21
       Scroll            |       |     6 |     4 |    19 |    13 |     7 ||    49
 Stab: Paralysed         |       |       |       |     5 |       |       ||     5
       Sleeping          |       |       |       |     2 |     1 |       ||     3
       Distracted        |       |       |       |     1 |       |       ||     1
  Eat: Chunk             |     3 |     8 |    19 |    60 |    62 |    11 ||   163
       Ration            |       |     2 |     1 |     8 |    15 |     2 ||    28
Armor: Robe              |     3 |    18 |    15 |       |       |     3 ||    39
       Leather armour    |       |     3 |    16 |       |       |       ||    19
       Troll leather arm |       |       |    23 |       |       |       ||    23
       Steam dragon scal |       |       |       |   106 |   106 |    31 ||   243
Dodge: Dodged            |    25 |    96 |   169 |   355 |   649 |   203 ||  1497
       Deflected         |       |     9 |    12 |     9 |    30 |    27 ||    87
Block: Other             |     1 |    28 |    59 |    93 |   194 |    54 ||   429
